 Dungeon Crawl Stone Soup version 0.26.1-11-gd32895ea62 (webtiles) character file.

Game seed: 14581010973647390866

22 Zeld the Skirmisher (level 2, 0/24 HPs)
             Began as a Demonspawn Abyssal Knight on Sept 3, 2021.
             Was a Follower of Lugonu.
             Succumbed to a goblin's poison
             ... on level 1 of the Dungeon.
             The game lasted 00:00:46 (813 turns).

Zeld the Skirmisher (Demonspawn Abyssal Knight)      Turns: 813, Time: 00:00:47

Health: 0/24       AC:  3    Str: 12    XL:     2   Next: 68%
Magic:  3/3        EV: 11    Int: 13    God:    Lugonu [*.....]
Gold:   69         SH:  0    Dex: 12    Spells: 1/1 levels left

rFire    . . .     SeeInvis .   a - +1 short sword
rCold    . . .     Faith    .   (no shield)
rNeg     . . .     Spirit   .   b - +0 leather armour
rPois    .         Reflect  .   (no helmet)
rElec    .         Harm     .   (no cloak)
rCorr    .         Rampage  .   (no gloves)
Will     .....                  (no boots)
Stlth    +.........             (no amulet)
HPRegen  0.08/turn              (no ring)
MPRegen  0.08/turn              (no ring)

@: lethally poisoned (0 -> -29), very slow
A: talons 1
a: Renounce Religion, Depart the Abyss


You were on level 1 of the Dungeon.
You worshipped Lugonu.
Lugonu was aware of your devotion.
You visited 1 branch of the dungeon, and saw 1 of its levels.
You visited the Abyss 1 time.

You collected 69 gold pieces.

Inventory:

Hand Weapons
 a - a +1 short sword (weapon)
Armour
 b - a +0 leather armour (worn)
Jewellery
 h - an uncursed ring of fire {unknown}
 i - an uncursed amulet of regeneration {unknown}
Scrolls
 d - a scroll of random uselessness {unknown}
 f - 3 scrolls of identify {unknown}
Potions
 c - a potion of heal wounds {unknown}
 e - 3 potions of curing {unknown}
 g - a potion of flight {unknown}


   Skills:
 * Level 3.3 Fighting
 * Level 2.2 Short Blades
 + Level 1.9 Armour
 + Level 1.2 Dodging
 + Level 2.6 Invocations


You had one spell level left.
You didn't know any spells.
Your spell library was empty.

Dungeon Overview and Level Annotations

Branches:
Dungeon (1/15)

Altars:


Innate Abilities, Weirdness & Mutations

You have sharp toenails.


Message History

You are lethally poisoned!
The kobold hits you but does no damage. The goblin closely misses you.
Unknown command.
You closely miss the goblin. Your kick misses the goblin.
The goblin is moderately wounded.
You feel sick.
The hobgoblin hits you but does no damage.
The goblin hits you but does no damage.
You are more poisoned.
The kobold hits you. The goblin closely misses you.
You feel very sick.
The hobgoblin hits you but does no damage.
You see here 15 stones.
* * * LOW HITPOINT WARNING * * *
You feel sick.
* * * LOW HITPOINT WARNING * * *
You feel sick.
You enter the shallow water.
Moving in this stuff is going to be slow.
You die...

#....# #.#.#.#.#. ## ##
#....# #.#.#..... #...#
##.### #.#....... #...# #.#
#......... #...# #.#
#.†.......
#####...#####.#####K(.......
.............>##..g.........
...........##...(.gg........
.#.....###..#..(@≈≈.........
.#.....# ##.#.#..≈..........
.#.....# #.#.#.............
.#.....####'#'#...........[.
.#........................##
.#........................
.#.............######....
.######.........# .## .#
#.........#


You could see a hobgoblin, 2 goblins and a kobold.

Vanquished Creatures
  An ooze (D:1)
  A dart slug (D:1)
  2 goblins (D:1)
  2 hobgoblins (D:1)
  4 jackals (D:1)
  A bat (D:1)
  2 kobolds (D:1)
  A rat (D:1)
14 creatures vanquished.

Notes
Turn   | Place    | Note
-------+----------+-------------------------------------------
     0 | Abyss:1  | Zeld the Demonspawn Abyssal Knight began the quest for the
                  | Orb.
     0 | Abyss:1  | Reached XP level 1. HP: 18/18 MP: 2/2
   164 | Abyss:1  | Noticed a sixfirhy
   170 | D:1      | Escaped the Abyss
   184 | D:1      | Noticed an electric eel
   260 | D:1      | Reached skill level 1 in Dodging
   273 | D:1      | Gained mutation: You have sharp toenails. [demonic
                  | ancestry]
   273 | D:1      | Reached XP level 2. HP: 7/24 MP: 3/3
   672 | D:1      | Reached * piety under Lugonu
   813 | D:1      | Succumbed to a goblin's poison

Illustrated notes

Levels and vault maps discovered:
D:1:      arrival_aquarium_a, layout_basic, serial_rivers,
          chequers_serial_rivers_small_a, chequers_serial_rivers_micro_c,
          chequers_serial_rivers_small_a, chequers_serial_rivers_micro_d,
          chequers_serial_rivers_micro_e, chequers_serial_rivers_small_3

Skill      XL: |  1 |
---------------+----+-----
Dodging        | 1 |  1.2
Short Blades   | 2 |  2.2
Fighting       | |  3.3
Armour         | |  1.9
Invocations    | |  2.6

Action                   || total
-------------------------++-------
Melee: Short sword       ||    57
       Kick              ||     5
Invok: Depart the Abyss  ||     1
Armor: Leather armour    ||    26
Dodge: Dodged            ||    48
